[Event "December 12 Early 2023"]
[Site "https://www.chess.com"]
[Date "2023.12.12"]
[Round "4"]
[White "Klymchuk, Andriy"]
[Black "Sarana, Alexey"]
[Result "1-0"]
[Board "7"]
[TimeControl "180+1"]
[WhiteFideId "14140063"]
[BlackFideId "24133795"]
[WhiteElo "2831"]
[BlackElo "3034"]
[WhiteTeam "UKR"]
[BlackTeam "SRB"]
[WhiteClock "0:02:03"]
[BlackClock "0:02:25"]

1. e4 c5 2. Nf3 d6 3. d4 cxd4 4. Nxd4 Nf6 5. Nc3 a6 6. f4 e5 7. Nf3 Qc7 8. Bd3 Be7 9. O-O O-O 10. a4 Nbd7 11. Kh1 Nc5 12. Qe1 Be6 13. f5 Bd7 14. g4 d5 15. g5 Nfxe4 16. Nxd5 Qd8 17. Bxe4 Nxe4 18. Qxe4 Bc6 19. c4 Re8 20. f6 Bc5 21. fxg7 Re6 22. Be3 Bxe3 23. Qxe3 Bxd5 24. cxd5 Qxd5 25. Rad1 Qc6 26. Rfe1 Qxa4 27. Qe4 Rae8 28. Qxa4 1-0

[Event "December 12 Early 2023"]
[Site "https://www.chess.com"]
[Date "2023.12.12"]
[Round "4"]
[White "Paravyan, David"]
[Black "Miladinovic, Igor"]
[Result "1-0"]
[Board "8"]
[TimeControl "180+1"]
[WhiteFideId "4194985"]
[BlackFideId "4203380"]
[WhiteElo "3025"]
[BlackElo "2824"]
[WhiteTeam "FID"]
[BlackTeam "SRB"]
[WhiteClock "0:01:21"]
[BlackClock "0:00:00"]

1. e4 c5 2. Nf3 Nc6 3. Nc3 e6 4. d4 cxd4 5. Nxd4 Qc7 6. Nxc6 dxc6 7. f4 e5 8. f5 Nf6 9. Qf3 b5 10. a4 b4 11. Nd1 Bc5 12. Be3 Qe7 13. Nf2 a5 14. Bc4 Ba6 15. Bxa6 Rxa6 16. g4 h6 17. h4 Qa7 18. Bxc5 Qxc5 19. O-O-O b3 20. Qxb3 O-O 21. g5 Qxf2 22. gxf6 Rb6 23. Qc3 Rfb8 24. b3 Qf4+ 25. Kb2 gxf6 26. Rhg1+ Kh7 27. Qg3 Qxg3 28. Rxg3 Rb4 29. Rd7 Rf8 30. c4 h5 31. Kc2 Rbb8 32. Rd6 Rg8 33. Rxg8 Rxg8 34. Rxf6 Rg2+ 35. Kc3 Rg3+ 36. Kb2 Kg7 37. Rxc6 Rg4 38. c5 Rxh4 39. Rd6 Rxe4 40. c6 Re2+ 41. Kc3 Re3+ 42. Kc2 1-0

[Event "December 12 Early 2023"]
[Site "https://www.chess.com"]
[Date "2023.12.12"]
[Round "4"]
[White "Lysyj, Igor"]
[Black "Martinez Alcantara, Jose Eduardo"]
[Result "0-1"]
[Board "9"]
[TimeControl "180+1"]
[WhiteFideId "4150120"]
[BlackFideId "3805662"]
[WhiteElo "2803"]
[BlackElo "3021"]
[WhiteTeam "FID"]
[BlackTeam "PER"]
[WhiteClock "0:00:00"]
[BlackClock "0:00:10"]

1. d4 Nf6 2. c4 e6 3. Nc3 Bb4 4. e3 O-O 5. Bd3 d5 6. a3 Be7 7. cxd5 exd5 8. Nge2 Re8 9. O-O c6 10. f3 c5 11. Nf4 cxd4 12. exd4 Nc6 13. Bc2 Bd6 14. Kh1 Qb6 15. Nfe2 h6 16. b4 Ne7 17. Bb3 Be6 18. Bf4 Rac8 19. Be5 Qd8 20. Bxf6 gxf6 21. Qd2 Kg7 22. Rac1 Bb8 23. Nf4 Qd6 24. Nce2 Rxc1 25. Rxc1 Ng8 26. Ng3 Kf8 27. Nfh5 Bf5 28. Ba4 Rd8 29. Nf1 Bg6 30. Nhg3 h5 31. Bc2 Qf4 32. Bxg6 fxg6 33. Qd1 Ne7 34. Ne2 Qd6 35. Qd3 a6 36. g3 Kf7 37. Ne3 Qd7 38. Kg2 Re8 39. Nc3 h4 40. f4 h3+ 41. Kf3 Rc8 42. Rc2 Rd8 43. Re2 f5 44. Qd1 Ng8 45. Na4 Nf6 46. Nc5 Qc8 47. Qb3 b6 48. Nd3 Kg7 49. Ne5 Qe6 50. Rc2 Bxe5 51. dxe5 Ne4 52. Rc7+ Kg8 53. Qd1 d4 54. Nc4 Qd5 55. Nxb6 Ng5+ 56. Kf2 Qg2+ 57. Ke1 Nf3+ 0-1

[Event "December 12 Early 2023"]
[Site "https://www.chess.com"]
[Date "2023.12.12"]
[Round "4"]
[White "Vokhidov, Shamsiddin"]
[Black "Yuan, Qingyu"]
[Result "1-0"]
[Board "10"]
[TimeControl "180+1"]
[WhiteFideId "14204223"]
[BlackFideId "8609772"]
[WhiteElo "3016"]
[BlackElo "2795"]
[WhiteTeam "UZB"]
[BlackTeam "CHN"]
[WhiteClock "0:00:55"]
[BlackClock "0:00:08"]

1. e4 e5 2. Nf3 Nc6 3. Bb5 Nf6 4. d3 Bc5 5. c3 d5 6. exd5 Qxd5 7. Bc4 Qd6 8. b4 Bb6 9. a4 O-O 10. a5 e4 11. dxe4 Bxf2+ 12. Kxf2 Nxe4+ 13. Ke2 Qe7 14. Kf1 Bg4 15. Ra2 Ne5 16. Be2 Rad8 17. Qe1 Be6 18. Rb2 Nc4 19. Bxc4 Bxc4+ 20. Kg1 Rd7 21. Nbd2 Rfd8 22. Qxe4 Qxe4 23. Nxe4 Rd1+ 24. Kf2 Rxh1 25. Bf4 c6 26. Nd6 Rf1+ 27. Kg3 Ba6 28. c4 b6 29. axb6 axb6 30. Ra2 Ra8 31. Ne5 Bb7 32. Rxa8+ Bxa8 33. Nd7 c5 34. Nxb6 cxb4 35. Nxa8 Rxf4 36. Kxf4 b3 37. Ne4 b2 38. Nc3 b1=Q 39. Nxb1 1-0

[Event "December 12 Early 2023"]
[Site "https://www.chess.com"]
[Date "2023.12.12"]
[Round "4"]
[White "Drygalov, Sergey"]
[Black "Alexandre, Anne Shopie Elizabeth"]
[Result "1-0"]
[Board "11"]
[TimeControl "180+1"]
[WhiteFideId "24171743"]
[BlackFideId "11902418"]
[WhiteElo "3014"]
[BlackElo "2791"]
[WhiteTeam "RUS"]
[BlackTeam "HAI"]
[WhiteClock "0:01:24"]
[BlackClock "0:01:01"]

1. d4 Nf6 2. c4 e6 3. Nf3 d5 4. Nc3 Nbd7 5. Bf4 dxc4 6. e3 Nd5 7. Bxc4 Nxf4 8. exf4 Nb6 9. Bb3 g6 10. O-O Bg7 11. Qe2 O-O 12. Rad1 Re8 13. Ne5 Bd7 14. Qf3 c6 15. Ne4 Qe7 16. Nc5 Bc8 17. Rfe1 Nd5 18. g3 Qc7 19. h4 b6 20. Ne4 Bb7 21. h5 c5 22. dxc5 bxc5 23. Rc1 Nb6 24. Qe3 Bxe4 25. Qxe4 Qe7 26. hxg6 hxg6 27. Nxg6 fxg6 28. Bxe6+ Qxe6 29. Qxe6+ Rxe6 30. Rxe6 Kf7 31. Rd6 c4 32. Rc2 Re8 33. a4 Re1+ 34. Kg2 Ra1 35. b3 cxb3 36. Rc7+ Ke8 37. Rxa7 Rxa4 38. Rxg7 Rb4 39. Rb7 b2 40. Rdxb6 b1=Q 41. Rxb4 1-0

[Event "December 12 Early 2023"]
[Site "https://www.chess.com"]
[Date "2023.12.12"]
[Round "4"]
[White "Bortnyk, Olexandr"]
[Black "Gabrielian, Artur"]
[Result "1-0"]
[Board "12"]
[TimeControl "180+1"]
[WhiteFideId "14120828"]
[BlackFideId "4131002"]
[WhiteElo "3010"]
[BlackElo "2788"]
[WhiteTeam "UKR"]
[BlackTeam "RUS"]
[WhiteClock "0:00:09"]
[BlackClock "0:00:00"]

1. e4 c5 2. c3 Nc6 3. d4 d5 4. exd5 Qxd5 5. Be3 cxd4 6. cxd4 e6 7. Nc3 Bb4 8. Nf3 Nf6 9. Bd3 b6 10. O-O Bxc3 11. bxc3 Bb7 12. h3 O-O 13. c4 Qd6 14. a3 Rfd8 15. Qc2 h6 16. Rfd1 Rac8 17. Rac1 Qxa3 18. Qd2 Qa5 19. Rc3 Nb4 20. Bb1 Nbd5 21. Rcc1 Qxd2 22. Bxd2 Ne7 23. Be3 Be4 24. Ba2 Bxf3 25. gxf3 Nf5 26. Bb3 Nxe3 27. fxe3 Rc7 28. Ra1 Kf8 29. Kf2 Ke7 30. Ra6 Nd7 31. Rda1 Ra8 32. h4 e5 33. f4 exd4 34. exd4 h5 35. Ke3 g6 36. Kd3 Kf6 37. Bd1 Rd8 38. Rxa7 Nc5+ 39. Ke3 Re8+ 40. Kf3 Rxa7 41. Rxa7 Ne6 42. d5 Nc5 43. Rc7 Kg7 44. Bc2 Re1 45. d6 Rc1 46. Rxc5 bxc5 47. d7 Rxc2 48. d8=Q Rc3+ 49. Ke4 Rxc4+ 50. Ke5 Rd4 51. Qf6+ Kg8 52. Qg5 Rd1 53. Qg3 1-0

[Event "December 12 Early 2023"]
[Site "https://www.chess.com"]
[Date "2023.12.12"]
[Round "4"]
[White "Mamedov, Edgar"]
[Black "Daneshvar, Bardiya"]
[Result "0-1"]
[Board "13"]
[TimeControl "180+1"]
[WhiteFideId "13739980"]
[BlackFideId "12576468"]
[WhiteElo "2787"]
[BlackElo "2985"]
[WhiteTeam "KAZ"]
[BlackTeam "IRI"]
[WhiteClock "0:00:00"]
[BlackClock "0:01:11"]

1. d4 Nf6 2. Bg5 c5 3. Bxf6 gxf6 4. d5 f5 5. c4 Bg7 6. Nc3 Qa5 7. Qc2 a6 8. e3 b5 9. Ne2 b4 10. Nd1 b3+ 11. Qd2 Qxd2+ 12. Kxd2 bxa2 13. Rxa2 e6 14. Nec3 d6 15. g3 Nd7 16. Bg2 Rb8 17. dxe6 fxe6 18. e4 f4 19. gxf4 Bh6 20. Ne2 Ne5 21. Ne3 Ng6 22. f5 Nh4 23. Rg1 exf5 24. exf5 Nxf5 25. Bc6+ Kd8 26. Nc3 Nd4 27. Bd5 Rf8 28. Rg8 Rxg8 29. Bxg8 Rb7 30. Ne4 Rg7 31. Bd5 Kc7 32. Nf6 Rg1 33. Ne8+ Kd7 34. Nf6+ Kd8 35. Ne4 Bf4 36. Ra3 Bxh2 37. Nf6 h6 38. Rd3 Be5 39. Ng8 h5 40. Nh6 h4 41. Nf7+ Ke7 42. Nxe5 dxe5 43. Nd1 h3 44. Re3 h2 45. Rxe5+ Kd6 46. Re8 Be6 47. Be4 Bf5 48. Bd5 Bg4 49. Ne3 Bf3 50. Nf5+ Kd7 51. Bxf3 Nxf3+ 0-1

[Event "December 12 Early 2023"]
[Site "https://www.chess.com"]
[Date "2023.12.12"]
[Round "4"]
[White "Zhigalko, Sergei"]
[Black "Matinian, Nikita"]
[Result "0-1"]
[Board "14"]
[TimeControl "180+1"]
[WhiteFideId "13502956"]
[BlackFideId "24129100"]
[WhiteElo "2960"]
[BlackElo "2738"]
[WhiteTeam "BLR"]
[BlackTeam "FID"]
[WhiteClock "0:00:00"]
[BlackClock "0:00:02"]

1. e4 c5 2. Nf3 e6 3. c3 d5 4. exd5 Qxd5 5. d4 Nf6 6. Bd3 b6 7. Na3 a6 8. Nc4 Nbd7 9. O-O Bb7 10. Be3 cxd4 11. Bxd4 Bc5 12. Ne3 Qh5 13. Be2 Ng4 14. Nxg4 Qxg4 15. h3 Qg6 16. Re1 Rd8 17. Bd3 Qh5 18. Be4 Bxe4 19. Rxe4 O-O 20. Qe2 Bxd4 21. Nxd4 Qxe2 22. Rxe2 Nc5 23. f4 Rd6 24. f5 Rfd8 25. Rae1 Nd3 26. Rd1 Nf4 27. Re4 g5 28. Rf1 Kg7 29. fxe6 fxe6 30. Rfxf4 gxf4 31. Nxe6+ Rxe6 32. Rxe6 b5 33. Rxa6 Rd1+ 34. Kf2 Rd2+ 35. Kf3 Rxb2 36. Ra5 Kg6 37. h4 h5 38. Ra6+ Kg7 39. Ra5 Kg6 40. a4 bxa4 41. Rxa4 Rc2 42. Rc4 Kg7 43. Rc5 Kg6 44. Rc7 Rc1 45. Rc6+ Kg7 46. Kxf4 Rc2 47. g3 Rg2 48. Kf3 Rc2 49. c4 Rc3+ 50. Kf4 Rd3 51. Rc5 Kg6 0-1

[Event "December 12 Early 2023"]
[Site "https://www.chess.com"]
[Date "2023.12.12"]
[Round "4"]
[White "Novozhilov, Semen"]
[Black "Bok, Benjamin"]
[Result "1-0"]
[Board "15"]
[TimeControl "180+1"]
[WhiteFideId "24289167"]
[BlackFideId "1017063"]
[WhiteElo "2735"]
[BlackElo "2954"]
[WhiteTeam "RUS"]
[BlackTeam "NED"]
[WhiteClock "0:00:16"]
[BlackClock "0:00:05"]

1. d4 Nf6 2. Nf3 e6 3. e3 b6 4. Bd3 Bb7 5. O-O d5 6. b3 c5 7. Bb2 Nc6 8. c4 dxc4 9. bxc4 Be7 10. Nc3 cxd4 11. exd4 O-O 12. a3 Rc8 13. Rc1 Re8 14. Qe2 Bf8 15. Rfd1 g6 16. Qe3 Bg7 17. h3 Na5 18. Ne5 Nd7 19. Nb5 Nxe5 20. dxe5 Qh4 21. Rc3 Nxc4 22. Rxc4 Rxc4 23. Bxc4 Qxc4 24. Nd6 Qc6 25. f3 Rd8 26. Rc1 Qd7 27. a4 Bd5 28. Qa3 f6 29. exf6 Bxf6 30. Bxf6 Qxd6 31. Qb2 Re8 32. Be5 Qf8 33. Rc7 Re7 34. Bd6 Rxc7 35. Bxf8 Kxf8 36. Qh8+ Ke7 37. Qxh7+ Kd6 38. Qxg6 Rc4 39. Qe8 a5 40. h4 Bc6 41. Qd8+ Kc5 42. h5 Bxa4 43. h6 Bc2 44. Qc7+ Kb5 45. Qe5+ Ka4 46. Qxe6 b5 47. f4 Rc5 48. g4 b4 49. Qa2+ Kb5 50. f5 b3 51. Qb2 Rc7 52. Qe5+ Rc5 53. Qe8+ Kb4 54. Qb8+ Kc3 55. h7 1-0

[Event "December 12 Early 2023"]
[Site "https://www.chess.com"]
[Date "2023.12.12"]
[Round "4"]
[White "Sychev, Klementy"]
[Black "Manelyuk, Daniil"]
[Result "0-1"]
[Board "16"]
[TimeControl "180+1"]
[WhiteFideId "4114060"]
[BlackFideId "44173920"]
[WhiteElo "2947"]
[BlackElo "2729"]
[WhiteTeam "FID"]
[BlackTeam "RUS"]
[WhiteClock "0:00:00"]
[BlackClock "0:00:19"]

1. e4 e6 2. d4 d5 3. e5 c5 4. c3 Nc6 5. Nf3 Qb6 6. Bd3 Bd7 7. dxc5 Bxc5 8. O-O Nh6 9. b4 Be7 10. Qe2 O-O 11. Ng5 Nf5 12. g4 Bxg5 13. Bxg5 Nfe7 14. b5 Nxe5 15. Bxe7 Nxd3 16. Bxf8 Bxb5 17. Ba3 e5 18. Qe3 Qg6 19. Qg3 Nf4 20. Re1 Qc2 21. Qe3 Nd3 22. Nd2 Qxc3 23. Be7 d4 24. Qg5 h6 25. Qf5 Qxd2 26. Red1 Qe2 27. Rdb1 Bc6 28. Bh4 Be4 29. Qd7 Qf3 0-1

[Event "December 12 Early 2023"]
[Site "https://www.chess.com"]
[Date "2023.12.12"]
[Round "4"]
[White "Poormosavi, Seyed Kian"]
[Black "Kovalenko, Igor"]
[Result "1-0"]
[Board "17"]
[TimeControl "180+1"]
[WhiteFideId "12585807"]
[BlackFideId "14117908"]
[WhiteElo "2698"]
[BlackElo "2930"]
[WhiteTeam "IRI"]
[BlackTeam "UKR"]
[WhiteClock "0:00:11"]
[BlackClock "0:00:00"]

1. Nf3 Nf6 2. g3 b5 3. Bg2 Bb7 4. O-O g6 5. b3 Bg7 6. Bb2 O-O 7. c4 a6 8. a4 b4 9. d3 a5 10. Nbd2 d6 11. Qc2 e5 12. e4 Na6 13. d4 exd4 14. Nxd4 Re8 15. Rfe1 Nc5 16. Rad1 Qc8 17. f3 h5 18. h4 Re7 19. Nf1 c6 20. Ne3 Qc7 21. Ndf5 gxf5 22. Nxf5 Ne8 23. Nxg7 Nxg7 24. Qd2 Re6 25. Re3 Rg6 26. f4 Re8 27. Qd4 Nce6 28. Qd2 Nc5 29. Kh2 Bc8 30. f5 Rh6 31. Qd4 f6 32. Kg1 Nb7 33. Kf2 Re5 34. Ree1 Ne8 35. Bc1 Rh7 36. Qa7 Nc5 37. Qxc7 Rxc7 38. Re3 Rce7 39. Rde1 Kh7 40. Bf3 Bxf5 41. exf5 Nd3+ 42. Rxd3 Rxe1 43. Bf4 c5 44. Bxh5 Rb1 45. Bf3 Rb2+ 46. Kf1 Kg7 47. g4 Rb1+ 48. Kf2 Ree1 49. g5 Rf1+ 50. Kg3 Rg1+ 51. Kh3 Rbf1 52. Re3 Kf8 53. g6 Ng7 54. Bh6 Re1 55. Rd3 Rgf1 56. Kg2 Rg1+ 57. Kh3 Rgf1 58. Bg2 Rxf5 59. Rxd6 1-0

[Event "December 12 Early 2023"]
[Site "https://www.chess.com"]
[Date "2023.12.12"]
[Round "4"]
[White "Zakhartsov, Vladimir"]
[Black "Makhnev, Denis"]
[Result "1-0"]
[Board "18"]
[TimeControl "180+1"]
[WhiteFideId "4145097"]
[BlackFideId "13707647"]
[WhiteElo "2915"]
[BlackElo "2691"]
[WhiteTeam "RUS"]
[BlackTeam "KAZ"]
[WhiteClock "0:00:16"]
[BlackClock "0:00:01"]

1. d4 d5 2. c4 c6 3. cxd5 cxd5 4. Bf4 Nf6 5. e3 Nc6 6. Bb5 Bd7 7. Nf3 e6 8. Nc3 Be7 9. h3 O-O 10. Bd3 Qb6 11. Qe2 Rfc8 12. O-O Nb4 13. Bb1 Rxc3 14. bxc3 Bb5 15. Qb2 Bxf1 16. Kxf1 Nc6 17. Qxb6 axb6 18. Nd2 Ba3 19. Bd3 Bb2 20. Rb1 Bxc3 21. Nf3 Nb4 22. Be2 Rxa2 23. Bc7 Ne4 24. Bxb6 f6 25. Rc1 Kf7 26. g4 g5 27. h4 h6 28. hxg5 hxg5 29. Ng1 Ra1 30. Rxa1 Bxa1 31. Nf3 Bc3 32. Bb5 Nc6 33. Ke2 Ba5 34. Bxc6 Bxb6 35. Bxb7 Nc3+ 36. Kf1 Ne4 37. Ba6 Ba5 38. Ke2 Nc3+ 39. Kf1 Ne4 40. Kg2 Nd2 41. Ng1 Ne4 42. Bd3 f5 43. Nf3 Kf6 44. gxf5 exf5 45. Ne5 Bc7 46. Nc6 g4 47. Bc2 f4 48. Nb4 Ke6 49. Bb3 f3+ 50. Kg1 Nc3 51. e4 Ne2+ 52. Kf1 Nxd4 53. Bxd5+ Kf6 54. Nd3 Be5 55. Nc5 Kg5 56. Nd3 Kf6 57. Nc5 Kg5 58. Bc4 Nc2 59. Bd3 Nd4 60. Nd7 Kf4 61. Nf8 Kg5 62. Nd7 Kf4 63. Nc5 g3 64. fxg3+ Kxg3 65. Bb1 Nb3 66. Nxb3 1-0

[Event "December 12 Early 2023"]
[Site "https://www.chess.com"]
[Date "2023.12.12"]
[Round "4"]
[White "Tologon tegin, Semetei"]
[Black "Kovalev, Vladislav"]
[Result "1-0"]
[Board "19"]
[TimeControl "180+1"]
[WhiteFideId "13800574"]
[BlackFideId "13504398"]
[WhiteElo "2624"]
[BlackElo "2912"]
[WhiteTeam "KGZ"]
[BlackTeam "FID"]
[WhiteClock "0:00:28"]
[BlackClock "0:00:03"]

1. d4 Nf6 2. Nc3 e6 3. Bf4 d5 4. Nb5 Na6 5. e3 c6 6. Nc3 Be7 7. Nf3 O-O 8. h3 c5 9. Bxa6 bxa6 10. O-O Bb7 11. Ne5 Rc8 12. a3 cxd4 13. exd4 Ne4 14. Nxe4 dxe4 15. c3 f6 16. Ng4 Qb6 17. Qe2 a5 18. Rfe1 a4 19. Rad1 Bd5 20. Bc1 Bc4 21. Qe3 Bd5 22. Qe2 Bd6 23. Ne3 f5 24. c4 f4 25. Nxd5 exd5 26. c5 Qc6 27. cxd6 Qxd6 28. Qg4 Rc2 29. Rd2 Rc6 30. Rdd1 Qc7 31. Bd2 Rg6 32. Qh4 e3 33. Bb4 f3 34. g4 e2 35. Rc1 Qd8 36. Qxd8 Rxd8 37. Rc3 h5 38. Rxf3 hxg4 39. Rg3 Re8 40. Rxg4 Rxg4+ 41. hxg4 Re4 42. f3 Rxd4 43. Rxe2 Kf7 44. Kf2 Kf6 45. Bc3 1-0

[Event "December 12 Early 2023"]
[Site "https://www.chess.com"]
[Date "2023.12.12"]
[Round "4"]
[White "Belov, Alexei"]
[Black "Mitrabha, Guha"]
[Result "0-1"]
[Board "20"]
[TimeControl "180+1"]
[WhiteFideId "4128206"]
[BlackFideId "5057000"]
[WhiteElo "2587"]
[BlackElo "2905"]
[WhiteTeam "RUS"]
[BlackTeam "IND"]
[WhiteClock "0:00:08"]
[BlackClock "0:01:22"]

1. e4 c6 2. d4 d5 3. Nd2 dxe4 4. Nxe4 Nf6 5. Nxf6+ gxf6 6. Qd3 h5 7. Bd2 Qd5 8. c4 Qf5 9. h4 Na6 10. O-O-O Rg8 11. Qxf5 Bxf5 12. Ne2 e6 13. Nf4 Rh8 14. Be2 Bg4 15. f3 Bf5 16. Nxh5 Rxh5 17. g4 Bxg4 18. fxg4 Rh8 19. Rdf1 Bg7 20. h5 Ke7 21. h6 Bf8 22. Bf4 Rd8 23. g5 Rxd4 24. gxf6+ Ke8 25. h7 Nc5 26. Bd2 Ne4 27. Be3 Rd8 28. Rfg1 Nxf6 29. Bg5 Be7 30. Bh6 Rxh7 31. Bg7 Rxh1 32. Rxh1 Ne4 33. Bf3 Bg5+ 34. Kc2 Rd2+ 35. Kb3 Rd3+ 0-1

[Event "December 12 Early 2023"]
[Site "https://www.chess.com"]
[Date "2023.12.12"]
[Round "4"]
[White "Shankland, Sam"]
[Black "Zimmermann, Ulrich"]
[Result "1-0"]
[Board "21"]
[TimeControl "180+1"]
[WhiteFideId "2004887"]
[BlackFideId "24654523"]
[WhiteElo "2894"]
[BlackElo "2550"]
[WhiteTeam "USA"]
[BlackTeam "GER"]
[WhiteClock "0:00:23"]
[BlackClock "0:00:09"]

1. d4 Nf6 2. c4 e6 3. Nf3 c5 4. g3 cxd4 5. Nxd4 d5 6. Bg2 e5 7. Nf3 d4 8. O-O Nc6 9. e3 Be7 10. exd4 exd4 11. Re1 O-O 12. a3 a5 13. Ne5 Be6 14. Nd2 Nxe5 15. Rxe5 d3 16. Bxb7 Rb8 17. Bf3 Qd4 18. Rxa5 Bc5 19. Rxc5 Qxc5 20. b4 Qd4 21. Rb1 Rfc8 22. Bb2 Qd7 23. Bxf6 gxf6 24. c5 Qd4 25. c6 Ba2 26. Rc1 Rc7 27. Ne4 f5 28. Nc5 Bc4 29. Qd2 Kh8 30. Qc3 Qxc3 31. Rxc3 Bb5 32. Nxd3 Rd8 33. Nf4 Rd2 34. Rc5 Ba4 35. Kg2 Rb2 36. Rxf5 Rb3 37. Be4 Rxa3 38. b5 Rb3 39. Bd3 Rc8 40. Rc5 Kg8 41. Bc4 Rb4 42. Nd5 Kf8 43. Nxb4 1-0

[Event "December 12 Early 2023"]
[Site "https://www.chess.com"]
[Date "2023.12.12"]
[Round "4"]
[White "Fedoseev, Vladimir"]
[Black "Pakleza, Zbigniew"]
[Result "1-0"]
[Board "22"]
[TimeControl "180+1"]
[WhiteFideId "24130737"]
[BlackFideId "1119290"]
[WhiteElo "3050"]
[BlackElo "2693"]
[WhiteTeam "SLO"]
[BlackTeam "POL"]
[WhiteClock "0:00:09"]
[BlackClock "0:00:00"]

1. e4 d6 2. d4 Nf6 3. Nc3 c6 4. Bf4 Qb6 5. a3 e5 6. dxe5 Ng4 7. Bg3 Nxe5 8. Rb1 Be7 9. Be2 O-O 10. f4 Ng6 11. Nf3 f5 12. exf5 Bxf5 13. Nd4 Nd7 14. Nxf5 Rxf5 15. Bg4 Rxf4 16. Bxd7 Bh4 17. Qe2 Raf8 18. Kd1 Rd4+ 19. Ke1 Nf4 20. Qf3 Nd3+ 21. cxd3 Rxf3 22. gxf3 Bxg3+ 23. hxg3 Rxd3 24. Bf5 Qe3+ 25. Ne2 Rd2 26. Bxh7+ Kf7 27. Rh2 g6 28. Kf1 Kg7 29. Re1 Qxf3+ 30. Kg1 d5 31. Rf2 Qe3 32. Bxg6 Kxg6 33. Nf4+ 1-0

[Event "December 12 Early 2023"]
[Site "https://www.chess.com"]
[Date "2023.12.12"]
[Round "4"]
[White "Nguyen, Ngoc Truong Son"]
[Black "Zavgorodniy, Sergiy"]
[Result "0-1"]
[Board "23"]
[TimeControl "180+1"]
[WhiteFideId "12401110"]
[BlackFideId "14110148"]
[WhiteElo "2953"]
[BlackElo "2682"]
[WhiteTeam "VIE"]
[BlackTeam "UKR"]
[WhiteClock "0:00:00"]
[BlackClock "0:00:06"]

1. d4 Nf6 2. c4 e6 3. Nc3 Bb4 4. e3 b6 5. Bd3 Bb7 6. Nf3 Ne4 7. Bd2 Bxc3 8. Bxc3 O-O 9. Qc2 f5 10. h4 d6 11. d5 exd5 12. Nd4 Qd7 13. g4 Nxc3 14. Qxc3 dxc4 15. Bxc4+ d5 16. Bd3 fxg4 17. Qc2 h6 18. Bf5 Qe7 19. O-O-O c5 20. Ne6 Rf6 21. Nf4 g3 22. Bh7+ Kh8 23. fxg3 Na6 24. a3 Qxe3+ 25. Kb1 Qxg3 26. Ng6+ Rxg6 27. Bxg6 d4 28. Rhg1 Qd6 29. Be4 Bxe4 30. Qxe4 Nc7 31. Rdf1 Rg8 32. Rg6 Qd5 33. Qe7 Nb5 34. Rfg1 Nxa3+ 35. bxa3 Qb3+ 36. Kc1 Qc3+ 37. Kd1 Qd3+ 38. Ke1 Qc3+ 39. Kf2 d3 40. R1g3 Qb2+ 41. Ke3 Qe2+ 42. Kf4 Qxe7 0-1

[Event "December 12 Early 2023"]
[Site "https://www.chess.com"]
[Date "2023.12.12"]
[Round "4"]
[White "Harsha Bharathakoti"]
[Black "Schnaider, Ilan"]
[Result "1-0"]
[Board "24"]
[TimeControl "180+1"]
[WhiteFideId "5078776"]
[BlackFideId "169013"]
[WhiteElo "2903"]
[BlackElo "2680"]
[WhiteTeam "IND"]
[BlackTeam "ARG"]
[WhiteClock "0:00:20"]
[BlackClock "0:00:01"]

1. d4 d5 2. Nf3 Nf6 3. Bf4 c5 4. e3 e6 5. Nbd2 Bd6 6. dxc5 Bxf4 7. exf4 Qc7 8. g3 Qxc5 9. Bd3 O-O 10. O-O Nc6 11. c3 b6 12. Re1 Bb7 13. Ne5 d4 14. Nb3 Nxe5 15. fxe5 Qd5 16. f3 Nh5 17. Be4 Qd7 18. Qxd4 Qxd4+ 19. Nxd4 Bxe4 20. Rxe4 g6 21. g4 Ng7 22. Nc6 f5 23. Rd4 Kh8 24. Rad1 fxg4 25. fxg4 h5 26. h3 Rf3 27. R1d3 Raf8 28. Rxf3 Rxf3 29. Kg2 Re3 30. Rd2 a5 31. Rf2 Kh7 32. Rf3 Re2+ 33. Rf2 Re3 34. a3 h4 35. Rf3 Re2+ 36. Rf2 Re3 37. Nd4 g5 38. Rf3 Rxe5 39. Kf2 Kg6 40. Rf8 Re4 41. Rb8 Rf4+ 42. Nf3 e5 43. Rxb6+ Kh7 44. Ke3 Rf8 45. Nxg5+ Kg8 46. c4 Rf1 47. Rb8+ Rf8 48. Rxf8+ Kxf8 49. b4 axb4 50. axb4 Ke7 51. Nf3 Kd6 52. Nxh4 Ne6 53. Nf5+ Kc6 54. h4 Nf4 55. h5 Kd7 56. h6 Ke6 57. b5 Ng2+ 58. Ke4 Nf4 59. b6 Kd7 60. h7 Ng6 61. c5 Kc6 62. Ne7+ Nxe7 63. h8=Q Ng6 64. Qf6+ Kb5 65. Qxg6 Kc4 66. Kxe5 1-0

[Event "December 12 Early 2023"]
[Site "https://www.chess.com"]
[Date "2023.12.12"]
[Round "4"]
[White "Cremisi, Daniel"]
[Black "Riehle, Marco"]
[Result "1-0"]
[Board "25"]
[TimeControl "180+1"]
[WhiteFideId "2089882"]
[BlackFideId "12904392"]
[WhiteElo "2618"]
[BlackElo "2892"]
[WhiteTeam "USA"]
[BlackTeam "GER"]
[WhiteClock "0:01:35"]
[BlackClock "0:01:53"]

1. d4 d5 2. c4 e6 3. Nc3 c5 4. cxd5 cxd4 5. Qa4+ Bd7 6. Qxd4 exd5 7. Qxd5 Nf6 8. Qd3 Na6 9. Bg5 Nc5 10. Qe3+ Be7 11. Bxf6 gxf6 12. Nd5 Qa5+ 13. b4 Nd3+ 14. Qxd3 Bxb4+ 15. Nxb4 Qxb4+ 16. Qd2 Qa3 17. Qe3+ Qxe3 18. fxe3 Ke7 19. Nf3 Rhc8 20. Nd4 Rc3 21. Kf2 b5 22. g3 b4 23. Bg2 Rac8 24. Rhd1 a5 25. Rd2 Be6 26. Nxe6 fxe6 27. Rad1 R8c7 28. Bh3 Ra3 29. Rd6 f5 30. e4 Rxa2 31. exf5 exf5 32. Bxf5 b3 33. Rh6 Rc5 34. g4 b2 35. Rd7+ Ke8 36. Rb7 Ra4 37. Rhxh7 Rxf5+ 38. gxf5 Rb4 39. Rh8# 1-0

[Event "December 12 Early 2023"]
[Site "https://www.chess.com"]
[Date "2023.12.12"]
[Round "4"]
[White "Ilamparthi A R"]
[Black "BestStelker"]
[Result "1-0"]
[Board "26"]
[TimeControl "180+1"]
[WhiteFideId "45015775"]
[WhiteElo "2874"]
[BlackElo "2673"]
[WhiteTeam "IND"]
[WhiteClock "0:00:16"]
[BlackClock "0:00:02"]

1. e4 e6 2. d3 d5 3. Nd2 Nf6 4. Ngf3 Nc6 5. c3 e5 6. Be2 dxe4 7. dxe4 a5 8. O-O Bc5 9. Qc2 O-O 10. Nc4 Qe7 11. Ne3 Rd8 12. Bc4 Be6 13. Bxe6 Qxe6 14. Ng5 Qd7 15. Nd5 Be7 16. Be3 h6 17. Rad1 Nxd5 18. Rxd5 Qc8 19. Nf3 Qe6 20. Rfd1 Bd6 21. Qb3 b6 22. Qa4 Ne7 23. R5d3 Ng6 24. g3 Qg4 25. Ne1 h5 26. f3 Qe6 27. h4 Be7 28. Rxd8+ Rxd8 29. Rxd8+ Bxd8 30. Nd3 Qd6 31. Qc4 Nf8 32. a4 Nd7 33. Kf2 g6 34. Ke2 Be7 35. Qa6 Kg7 36. Qc8 Qc6 37. Qe8 Qe6 38. Kd2 Nf8 39. Qb5 Bd6 40. Kc2 f6 41. Nf2 Qd7 42. Qc4 Qe6 43. Qd3 Nd7 44. Nd1 Kf7 45. Bf2 Bc5 46. Ne3 Bxe3 47. Bxe3 Qc6 48. b3 Ke6 49. Qa6 Kf7 50. Qc8 Qd6 51. Qd8 Qe6 52. Qxc7 Kg8 53. Qc8+ Kf7 54. Qb7 Kg8 55. Kb2 f5 56. exf5 gxf5 57. Bg5 Kf7 58. Qc8 e4 59. fxe4 fxe4 60. Qh8 Nc5 61. Qxh5+ Kg7 62. c4 Qe5+ 63. Kc2 Qd4 64. Qe2 e3 65. Qxe3 Qa1 66. Qe7+ Kg6 67. Qe8+ Kf5 68. Qf7+ Kg4 69. Qf4+ Kh3 70. Qc1 Qd4 71. Qe3 Qa1 72. Qc3 Qf1 73. Kb2 Qe2+ 74. Bd2 Nd3+ 75. Ka3 Nb4 76. Qb2 Qd1 77. Bxb4 axb4+ 78. Kxb4 Qe1+ 79. Kb5 Qa5+ 80. Kc6 Qc5+ 81. Kb7 Qd6 82. Qc3 Qd7+ 83. Kxb6 Qd6+ 84. Kb5 Qb8+ 85. Kc5 Qc7+ 86. Kb4 Qb6+ 87. Ka3 Qg1 88. a5 Qc5+ 89. b4 Qc6 90. g4+ Kh2 91. b5 Qc5+ 92. Kb3 Kh1 93. a6 Qb6 94. Kb4 Qd6+ 95. c5 Qd5 96. Qc4 Qd2+ 97. Qc3 Qf4+ 98. Ka5 Qf2 99. a7 Qf4 100. a8=Q+ 1-0